 Dungeon Crawl Stone Soup version 0.27-a0-1119-gbf574a6a6b (webtiles) character file.

Game seed: 9493414717235828393

12 Zeld the Shield-Bearer (level 2, -2/21 HPs)
             Began as an Octopode Fighter on May 2, 2021.
             Slain by an iguana (12 damage)
             ... on level 4 of the Dungeon.
             The game lasted 00:00:40 (431 turns).

Zeld the Shield-Bearer (Octopode Fighter)            Turns: 431, Time: 00:00:40

Health: -2/21      AC:  1    Str: 15    XL:     2   Next: 33%
Magic:  2/2        EV: 11    Int: 10    God:
Gold:   28         SH:  8    Dex: 11    Spells: 1/1 levels left

rFire    . . .     SeeInvis .   a - +0 war axe
rCold    . . .     Faith    .   b - +0 kite shield
rNeg     . . .     Spirit   .   (helmet restricted)
rPois    .         Reflect  .   (no amulet)
rElec    .         Harm     .   (no ring)
rCorr    .         Rampage  .   (no ring)
Will     .....                  (no ring)
Stlth    ++........             (no ring)
HPRegen  0.07/turn              (no ring)
MPRegen  0.08/turn              (no ring)
                                (no ring)
                                (no ring)

@: no status effects
A: almost no armour, amphibious, 8 rings, camouflage 1, gelatinous body 1,
(nimble swimmer 1), tentacles
a: no special abilities


You were on level 4 of the Dungeon.
You visited 1 branch of the dungeon, and saw 4 of its levels.

You collected 28 gold pieces.

Inventory:

Hand Weapons
 a - a +0 war axe (weapon)
Armour
 b - a +0 kite shield (worn)
Scrolls
 d - a scroll of teleportation {unknown}
 e - 2 scrolls of identify {unknown}
 f - a scroll of enchant armour {unknown}
 g - a scroll of magic mapping {unknown}
Potions
 c - a potion of might


   Skills:
 * Level 3.2 Fighting
 * Level 2.3 Axes
 - Level 3.0 Dodging
 * Level 3.2 Shields


You had one spell level left.
You didn't know any spells.
Your spell library was empty.

Dungeon Overview and Level Annotations

Branches:
Dungeon (4/15)
 Temple: D:4-7

Altars:

Shops:
D:4 [


Innate Abilities, Weirdness & Mutations

You cannot wear most types of armour.
You are amphibious.
You can wear up to eight rings at the same time.
Your skin changes colour to match your surroundings (Stealth+).
Your rubbery body absorbs attacks. (AC +1, EV +1)
((You are camouflaged near water. (Stealth+)))
You have tentacles for arms and can constrict up to eight enemies at once.


Message History

The kobold shoots a bolt.
You block the bolt.
Found a scroll labelled COGUTE LUDOSEI.
Found 9 gold pieces.
The kobold shoots a bolt.
The bolt closely misses you.
The kobold shoots a bolt.
The bolt closely misses you.
Found a scroll labelled XINYOFR OMMAGI.
The kobold shoots a bolt.
The bolt hits you.
The kobold shoots a bolt.
The bolt misses you.
You see here a scroll labelled COGUTE LUDOSEI.
The kobold unwields a +0 hand crossbow.
The kobold wields a +0 dagger.
The kobold hits you with a +0 dagger.
Found a scroll labelled XINYOFR OMMAGI.
You slash the kobold!
You kill the kobold!
No target in view!
No target in view!
Items here: ( )) †.
Items here: ( )) †.
Okay, then.
HP restored.
g - a scroll labelled COGUTE LUDOSEI You now have 18 gold pieces (gained 9).
Found a runed flail.
You now have 28 gold pieces (gained 10).
e - 2 scrolls labelled XINYOFR OMMAGI (gained 1)
Found a stone staircase leading down.
An orc comes into view. It is wielding a +0 dagger.
An iguana comes into view.
Found Doheidy's Antique Armour Boutique.
You closely miss the iguana. You grab the iguana. You constrict the iguana.
The iguana closely misses you. You block the iguana's attack.
You slash the iguana!
The iguana is heavily wounded.
You constrict the iguana. The iguana bites you!
Ouch! That really hurt!
You block the iguana's attack.
You are too injured to fight recklessly!
You release your grip on the iguana.
The iguana bites you!
Ouch! That really hurt!
You die...

....##.......
#........#.o....
###..#........!...
##..>##..##.?......
#.....#..#.........
#................$.
#..................
###♣....l.............
#.....)@...##........#
##♣∩♣......#........##
#. #...#..#.......###
#.♣.#.##..#.........#
#...##.#.............
##.##...............##
##....................
##.........#........!..
#....)....##............


You could see an iguana.

Vanquished Creatures
  A dart slug (D:2)
  A ball python (D:2)
  An endoplasm (D:2)
  2 goblins
  A hobgoblin (D:1)
  A quokka (D:1)
  A bat (D:1)
  A kobold (D:4)
9 creatures vanquished.

Notes
Turn   | Place    | Note
-------+----------+-------------------------------------------
     0 | D:1      | Zeld the Octopode Fighter began the quest for the Orb.
     0 | D:1      | Reached XP level 1. HP: 16/16 MP: 1/1
   142 | D:2      | Reached XP level 2. HP: 21/21 MP: 2/2
   221 | D:3      | Noticed an ogre
   426 | D:4      | Found Doheidy's Antique Armour Boutique.
   431 | D:4      | Slain by an iguana

Illustrated notes

Levels and vault maps discovered:
D:1:      dpeg_arrival_brainrot, layout_loops_ring, serial_shops, shop_statue
D:2:      layout_loops_corners, shapermc_ecumenical_altar_mp_vishouse
D:3:      layout_rooms, demons_altar, nicolae_dithmenos_shadow_blocks,
          minmay_misc_feat_more_columns, grunt_decor_clamped,
          chequers_serial_rivers_micro_d, uniq_jessica
D:4:      layout_cave_pools, serial_shops, nicolae_shop_trees

Action                   || total
-------------------------++-------
Melee: War axe           ||    16
       Constrict         ||     4
       Tentacles         ||     2
 Stab: Sleeping          ||     2
Dodge: Dodged            ||    10
Block: Kite shield       ||     7

Table legend: (Time is in decaauts)
 A = Elapsed time spent in this place.
 B = Non-inter-level travel time spent in this place.
 C = Inter-level travel time spent in this place.
 D = Time resting spent in this place.
 E = Time spent auto-exploring this place.
 F = Levels seen in this place.
 G = Mean time per level.
                   A        B        C        D        E       F      G
               +--------+--------+--------+--------+--------+-----+--------+
         Total |    441 |    421 |     20 |      0 |    309 |   4 |  110.2 |
       Dungeon |    441 |    421 |     20 |      0 |    309 |   4 |  110.2 |
               +--------+--------+--------+--------+--------+-----+--------+

Top non-repeatable levels by time:
     D:4: 169 daAuts
     D:2: 132 daAuts
     D:1: 128 daAuts
     D:3: 10 daAuts
